 Dungeon Crawl Stone Soup version 0.29-a0-334-gb41bcbb86e (webtiles) character file.

Game seed: 2669495015849661159

96 spaghetti the Ducker (level 4, -1/31 HPs)
             Began as an Octopode Fighter on Apr 13, 2022.
             Was a Follower of Ashenzari.
             Slain by a gnoll
             ... wielding a +0 flail
              (10 damage)
             ... on level 2 of the Dungeon.
             The game lasted 00:03:01 (2091 turns).

spaghetti the Ducker (Octopode Fighter)             Turns: 2091, Time: 00:03:02

Health: -1/31      AC:  1    Str: 15    XL:     4   Next: 67%
Magic:  4/4        EV: 15    Int: 10    God:    Ashenzari [*.....]
Gold:   54         SH:  4    Dex: 13    Spells: 3/3 levels left

rFire   . . .      SeeInvis .   j - +0 short sword {short}
rCold   + . .      Faith    .   a - +0 buckler of Ashenzari's Sorrow {Evo, Bglg} (curse)
rNeg    . . .      Spirit   .   (helmet restricted)
rPois   .          Reflect  .   (no amulet)
rElec   .          Harm     .   o - ring "Elysian Monotheism" {rC+, Cun, Elem} (curse)
rCorr   .          Rampage  .   (no ring)
Will    .....                   (no ring)
Stlth   ++........              (no ring)
HPRegen 0.10/turn               (no ring)
MPRegen 0.09/turn               (no ring)
                                (no ring)
                                (no ring)

@: no status effects
A: almost no armour, amphibious, 8 rings, camouflage 1, gelatinous body 1,
(nimble swimmer 1), tentacles
a: Renounce Religion, Shatter the Chains


You were on level 2 of the Dungeon.
You worshipped Ashenzari.
Ashenzari was aware of your devotion.
You visited 1 branch of the dungeon, and saw 3 of its levels.

You collected 54 gold pieces.


Innate Abilities, Weirdness & Mutations

You cannot wear most types of armour.
You are amphibious.
You can wear up to eight rings at the same time.
Your skin changes colour to match your surroundings (Stealth+).
Your rubbery body absorbs attacks. (AC +1, EV +1)
((You are camouflaged when in or above water. (Stealth+)))
You have tentacles for arms and can constrict up to eight enemies at once.


   Skills:
 - Level 3.0 Fighting
 + Level 5.3(6.1) Dodging
 - Level 3.0 Shields
 - Level 2.0 Unarmed Combat


You had 3 spell levels left.
You didn't know any spells.
Your spell library was empty.

Inventory:

Hand Weapons
 d - a +0 club {mace}
   (You took it off a goblin on level 1 of the Dungeon)
 e - a +0 hunting sling {sling}
   (You found it on level 1 of the Dungeon)
 g - a +0 dagger {short}
   (You found it on level 1 of the Dungeon)
 h - a +0 club {mace}
   (You took it off a goblin on level 1 of the Dungeon)
 j - a +0 short sword (weapon) {short}
   (You took it off a kobold on level 1 of the Dungeon)
Missiles
 k - 51 stones (quivered) {throwing}
 m - 6 poisoned darts {throwing}
 q - 6 boomerangs {throwing}
Armour
 a - the cursed +0 buckler of Ashenzari's Sorrow (worn) {Evo, Bglg}

   It has a curse which improves the following skills: Evocations: Evocations.
   Beguiling: Conjurations, Hexes and Translocations.
Jewellery
 o - the cursed ring "Elysian Monotheism" (left tentacle) {rC+, Cun, Elem}
   (You found it on level 2 of the Dungeon)

   [ring of protection from cold]

   rC:        It protects you from cold.
   It has a curse which improves the following skills: Cunning: Dodging and
   Stealth.
   Elements:  Fire Magic, Ice Magic, Air Magic and Earth Magic.
Scrolls
 c - 2 scrolls of identify {@r1}
 n - 3 scrolls of enchant weapon
Potions
 b - a potion of might
 f - a potion of magic
 i - a potion of brilliance
 l - a potion of flight
 p - a potion of resistance

Dungeon Overview and Level Annotations

Branches:
Dungeon (3/15)

Altars:
Ashenzari
Yredelemnul

#.###....#######.## #
#.# ####.#.....#..#.#
#.# ###.#.....#..#.#
#.####...#.....#....#
#...........รท.g...#
#.####......).....#
#.# #.#......#g###
#.####.##...#.#g#
#..........##.#@#
######.######.#)##
#######.# #.#..##
........# ##.#...#
######### #[..#.##
#...#.# ####...#.##
#.........#
#.........#


You could see 3 gnolls.


Message History

No target in view!
No target in view!
No target in view!
No target in view!
No target in view!
No target in view!
No target in view!
No target in view!
You now have 54 gold pieces (gained 9).
k - 27 stones {throwing} (gained 25) Key pressed, stopping explore.
A gnoll is nearby!
A gnoll is nearby!
A gnoll is nearby!
You see here a jackal skeleton.
Things that are here:
a +0 spear {polearm}; a gnoll skeleton A gnoll is nearby!
A gnoll is nearby!
The gnoll shouts!
The gnoll closely misses you.
You hit the gnoll. Your grab misses the gnoll.
Your tentacle-slap misses the gnoll.
Your squeeze misses the gnoll. You block the gnoll's attack.
You hit the gnoll. You grab the gnoll. You constrict the gnoll.
The gnoll misses you.
You hit the gnoll but do no damage. You squeeze the gnoll.
You kill the gnoll!
No target in view!
Things that are here:
a +0 flail {mace}; a gnoll corpse Key pressed, stopping explore.
You open the door.
There is an open door here.
q - 6 boomerangs {throwing}
k - 51 stones {throwing} (gained 24)
There is an open door here.
Key pressed, stopping explore.
A frilled lizard comes into view.
A frilled lizard is nearby!
A frilled lizard is nearby!
A frilled lizard is nearby!
A frilled lizard is nearby!
The frilled lizard misses you.
You closely miss the frilled lizard. Your grab misses the frilled lizard.
The frilled lizard bites you. ๐Ÿ˜• HP[-2]
You take 2 damage, and now have 29/31 hp.
You are too injured to fight recklessly!
You are too injured to fight recklessly!
You are too injured to fight recklessly!
You are too injured to fight recklessly!
You are too injured to fight recklessly!
You are too injured to fight recklessly!
You are too injured to fight recklessly!
You are too injured to fight recklessly!
You are too injured to fight recklessly!
You are too injured to fight recklessly!
You are too injured to fight recklessly!
You are too injured to fight recklessly!
A frilled lizard is nearby!
A frilled lizard is nearby!
You closely miss the frilled lizard. You grab the frilled lizard.
You constrict the frilled lizard.
You kill the frilled lizard! ๐Ÿ˜• HP[+1]
Found a basalt altar of Yredelemnul. ๐Ÿ˜Ž HP[+1]
Your hp is fully restored (31).
Key pressed, stopping explore.
You see here a +0 dagger {short}.
A gnoll comes into view. It is wielding a +0 flail.
The gnoll shouts!
You hear a shout!
A gnoll comes into view. It is wielding a +0 halberd.
A gnoll comes into view. It is wielding a +0 flail.
There are monsters nearby!
There are monsters nearby!
A gnoll comes into view. It is wielding a +0 whip.
The gnoll hits you with a +0 flail! ๐Ÿ˜ฎ HP[-12]
You take 12 damage, and now have 19/31 hp.
MASSIVE DAMAGE!! (PAUSE)
The gnoll shouts!
You hit the gnoll but do no damage. You grab the gnoll.
You constrict the gnoll. The gnoll barely misses you.
You hit the gnoll but do no damage. You constrict the gnoll.
The gnoll closely misses you.
You hit the gnoll.
You constrict the gnoll, but do no damage.
The gnoll hits you with a +0 flail!
* * * LOW HITPOINT WARNING * * *
๐Ÿ˜จ HP[-11]
You take 11 damage, and now have 8/31 hp.
MASSIVE DAMAGE!! (PAUSE)
You hit the gnoll but do no damage. You constrict the gnoll.
You kill the gnoll!
The gnoll barely misses you. ๐Ÿ˜จ HP[+1]
The gnoll attacks as you move away! The gnoll hits you with a +0 flail!
You die...

Skill      XL: |  1  2  3  4 |
---------------+-------------+-----
Dodging        | 4 5 |  5.3
Fighting       | |  3.0
Shields        | |  3.0
Unarmed Combat | |  2.0

Action                   |  1- 3 |  4- 6 || total
-------------------------+-------+-------++-------
Melee: Unarmed           |    31 |       ||    31
       Constrict         |    25 |     6 ||    31
       Tentacles         |    14 |     3 ||    17
       Punch             |     2 |       ||     2
       Short sword       |    58 |    19 ||    77
Invok: Curse Item        |     2 |       ||     2
 Stab: Sleeping          |     7 |     1 ||     8
Armor: Skin              |    10 |       ||    10
Dodge: Dodged            |    71 |    11 ||    82
Block: Buckler           |    14 |     4 ||    18

Levels and vault maps discovered:
D:1:      wander_arrival_peaceful_grave, layout_loops_corners,
          ebering_ecumenical_altar_sacrificial, minmay_close_crescents
D:2:      layout_loops_ring, basic_altar, supply_closet_lemuel,
          corexii_item_surrounded_by_moat
D:3:      layout_loops_ring, mainiacjoe_overflow_surrounded_room,
          gammafunk_ghost_split, uniq_natasha

Notes
Turn   | Place    | Note
-------+----------+-------------------------------------------
     0 | D:1      | spaghetti the Octopode Fighter began the quest for the Orb.
     0 | D:1      | Reached XP level 1. HP: 16/16 MP: 1/1
     0 | D:1      | magus.rc [v1.9.6]
   285 | D:1      | Reached XP level 2. HP: 21/21 MP: 2/2
   363 | D:1      | Found a faded altar of an unknown god.
   372 | D:1      | Prayed at the altar of an unknown god.
   372 | D:1      | Became a worshipper of Ashenzari the Shackled
   588 | D:1      | Reached skill level 4 in Dodging
   790 | D:1      | Reached XP level 3. HP: 10/26 MP: 3/3
  1531 | D:2      | Reached * piety under Ashenzari
  1599 | D:2      | Reached XP level 4. HP: 11/31 MP: 4/4
  1603 | D:2      | HP: 1/31 [gnoll/+0 spear (7)]
  1606 | D:2      | Reached skill level 5 in Dodging
  2049 | D:2      | Found a basalt altar of Yredelemnul.
  2091 | D:2      | Slain by a gnoll

Vanquished Creatures
  An adder (D:2)
  4 gnolls (D:2)
  A dart slug (D:1)
  3 endoplasms (D:1)
  7 giant cockroaches
  4 goblins (D:1)
  4 hobgoblins
  3 jackals (D:2)
  5 ball pythons
  4 bats (D:1)
  4 frilled lizards
  4 kobolds
  4 rats
48 creatures vanquished.

Table legend:
 A = Non-vault XP
 B = Vault XP
 C = Vault XP percentage of total XP
 D = Non-vault monster count
 E = Vault monster count
 F = Vault count percentage of total count
                 A         B        C        D         E       F
            +---------+---------+-------+---------+---------+-------
      Total |     128 |      10 |   7.2 |      43 |       5 |  10.4
            +---------+---------+-------+---------+---------+-------
        D:1 |      40 |      10 |  20.0 |      26 |       5 |  16.1
        D:2 |      86 |       0 |   0.0 |      16 |       0 |   0.0
        D:3 |       2 |       0 |   0.0 |       1 |       0 |   0.0
            +---------+---------+-------+---------+---------+-------

Illustrated notes

Table legend:
 A = Kills in this place as a percentage of kills in entire the game.
 B = Kills by you in this place as a percentage of kills by you in the entire game.
 C = Kills by friends in this place as a percentage of kills by friends in the entire game.
 D = Other kills in this place as a percentage of other kills in the entire game.
 E = Experience gained in this place as a percentage of experience gained in the entire game.
 F = Experience gained in this place divided by the number of levels of this place that you have seen.
                   A       B       C       D       E      F
               +-------+-------+-------+-------+-------+----------------------
         Total | 100.0 | 100.0 |   N/A |   N/A | 100.0 |  46.0
       Dungeon | 100.0 | 100.0 |   N/A |   N/A | 100.0 |  46.0
               +-------+-------+-------+-------+-------+----------------------

Table legend: (Time is in decaauts)
 A = Elapsed time spent in this place.
 B = Non-inter-level travel time spent in this place.
 C = Inter-level travel time spent in this place.
 D = Time resting spent in this place.
 E = Time spent auto-exploring this place.
 F = Levels seen in this place.
 G = Mean time per level.
                   A        B        C        D        E       F      G
               +--------+--------+--------+--------+--------+-----+--------+
         Total |   2100 |   2096 |      4 |    629 |   1147 |   3 |  700.0 |
       Dungeon |   2100 |   2096 |      4 |    629 |   1147 |   3 |  700.0 |
               +--------+--------+--------+--------+--------+-----+--------+

Top non-repeatable levels by time:
     D:1: 1453 daAuts
     D:2: 375 daAuts
     D:3: 272 daAuts
